[ AOE2 MATCH · #504577196 ]
UnrankedShu vs Bohemians
Player's team · LOSS
[ REPLAY ANALYSIS · EXTRACTED FROM THE RECORDED GAME ]
Feudal
11:19
Castle
22:45
Imperial
—
| APM avg | 59.1 |
| APM peak | 143 |
| eAPM avg | 28.1 |
| Villagers / military | 105 / 61 |
Focus
⚔️ 31.8% · 🌾 68.2%
Scout Cavalry ×25 · Mangonel ×11 · Cavalry Archer ×10 · Archer ×7 · Militia ×3 · Skirmisher ×3
Feudal
9:42
Castle
20:00
Imperial
37:06
| APM avg | 49.7 |
| APM peak | 101 |
| eAPM avg | 24.7 |
| Villagers / military | 118 / 49 |
Focus
⚔️ 39.4% · 🌾 60.6%
Hussite Wagon ×25 · Monk ×19 · Trebuchet (Packed) ×3 · Mangonel ×2
Match map
Initial resources + every placement click. Lines = walls · curves = elevation contours. ◆ gold · ⬟ stone · ● berries · ✦ relic · ◌ wall gap
Your base· ✓ Closed at 22:45 · 58t walls · no gate
DGHIR | Black Monk's base· ✓ Closed at 20:00 · 61t walls · 2 gate(s)
Smoothed initial terrain · ◌ = detected wall gap · hover for details
Inputs per minute
— uel - - DGHIR | Black Monk
Build order — uel
First 150 of 305 actions detected
| 0:01 | Create | Villager (Male) |
| 0:01 | Create | Villager (Male) |
| 0:02 | Build | House |
| 0:03 | Build | House |
| 0:08 | Create | Villager (Male) |
| 0:09 | Create | Villager (Male) |
| 1:25 | Create | Villager (Male) |
| 1:46 | Build | Lumber Camp |
| 1:51 | Create | Villager (Male) |
| 2:06 | Create | Villager (Male) |
| 2:33 | Create | Villager (Male) |
| 3:04 | Create | Villager (Male) |
| 3:26 | Build | House |
| 3:43 | Create | Villager (Male) |
| 4:07 | Build | House |
| 4:11 | Create | Villager (Male) |
| 4:30 | Create | Villager (Male) |
| 4:50 | Create | Villager (Male) |
| 5:22 | Create | Villager (Male) |
| 5:34 | Build | Barracks |
| 5:37 | Create | Villager (Male) |
| 6:14 | Create | Villager (Male) |
| 6:23 | Create | Militia |
| 6:24 | Create | Militia |
| 6:43 | Create | Militia |
| 6:44 | Create | Villager (Male) |
| 7:09 | Create | Villager (Male) |
| 7:22 | Build | Mill |
| 7:29 | Create | Villager (Male) |
| 7:48 | Build | House |
| 7:58 | Create | Villager (Male) |
| 8:44 | Research | Loom |
| 8:44 | Research | Loom |
| 9:02 | Build | Lumber Camp |
| 9:10 | Research | Feudal Age |
| 9:47 | Create | Villager (Male) |
| 10:02 | Build | Farm |
| 10:05 | Build | Farm |
| 10:47 | Create | Villager (Male) |
| 11:05 | Build | Farm |
| 11:09 | Build | Palisade Wall |
| 11:19 | Age | Feudal Age |
| 11:24 | Build | Stable |
| 11:25 | Research | Double-Bit Axe |
| 11:32 | Create | Villager (Male) |
| 11:47 | Build | Palisade Wall |
| 11:50 | Build | Palisade Wall |
| 11:56 | Build | Mill |
| 11:59 | Create | Villager (Male) |
| 12:07 | Build | Palisade Wall |
| 12:13 | Build | Farm |
| 12:14 | Create | Scout Cavalry |
| 12:14 | Create | Scout Cavalry |
| 12:31 | Create | Villager (Male) |
| 12:36 | Build | Farm |
| 12:44 | Build | House |
| 12:46 | Create | Villager (Male) |
| 13:00 | Build | Farm |
| 13:07 | Build | Palisade Wall |
| 13:09 | Create | Scout Cavalry |
| 13:12 | Build | Farm |
| 13:12 | Build | Farm |
| 13:32 | Build | Archery Range |
| 13:33 | Create | Villager (Male) |
| 13:43 | Build | House |
| 13:47 | Create | Villager (Male) |
| 13:57 | Build | Palisade Wall |
| 14:04 | Build | House |
| 14:06 | Build | House |
| 14:14 | Build | Palisade Wall |
| 14:22 | Create | Villager (Male) |
| 14:23 | Build | Farm |
| 14:29 | Create | Skirmisher |
| 14:37 | Create | Skirmisher |
| 14:40 | Create | Scout Cavalry |
| 14:46 | Create | Villager (Male) |
| 14:49 | Build | Farm |
| 15:10 | Build | Mining Camp |
| 15:14 | Create | Skirmisher |
| 15:24 | Create | Villager (Male) |
| 15:26 | Build | House |
| 15:34 | Research | Horse Collar |
| 15:55 | Create | Villager (Male) |
| 16:07 | Create | Villager (Male) |
| 16:11 | Build | Blacksmith |
| 16:15 | Create | Archer |
| 16:34 | Create | Villager (Male) |
| 16:36 | Build | Farm |
| 16:44 | Research | Fletching |
| 16:45 | Research | Fletching |
| 16:45 | Create | Villager (Male) |
| 17:03 | Build | House |
| 17:05 | Create | Villager (Male) |
| 17:08 | Build | Farm |
| 17:15 | Build | Farm |
| 17:16 | Build | Farm |
| 17:16 | Build | Farm |
| 17:29 | Create | Archer |
| 17:45 | Create | Villager (Male) |
| 17:53 | Create | Archer |
| 18:16 | Create | Archer |
| 18:29 | Build | Farm |
| 18:30 | Create | Villager (Male) |
| 18:31 | Build | Farm |
| 18:39 | Build | Watch Tower |
| 18:48 | Create | Villager (Male) |
| 18:50 | Build | Market |
| 19:10 | Create | Archer |
| 19:28 | Create | Villager (Male) |
| 19:55 | Build | Palisade Wall |
| 19:55 | Build | Palisade Wall |
| 19:56 | Build | Palisade Wall |
| 20:05 | Research | Castle Age |
| 20:30 | Create | Archer |
| 20:33 | Build | Archery Range |
| 20:46 | Research | Gold Mining |
| 20:51 | Create | Scout Cavalry |
| 21:10 | Research | Scale Barding Armor |
| 21:13 | Build | Lumber Camp |
| 21:44 | Create | Villager (Male) |
| 21:45 | Build | Palisade Gate |
| 22:12 | Create | Archer |
| 22:16 | Build | House |
| 22:39 | Create | Villager (Male) |
| 22:45 | Age | Castle Age |
| 22:48 | Research | Town Watch |
| 22:55 | Build | Siege Workshop |
| 22:56 | Research | Bow Saw |
| 23:05 | Create | Villager (Male) |
| 23:08 | Build | Mining Camp |
| 23:17 | Create | Cavalry Archer |
| 23:18 | Create | Cavalry Archer |
| 23:37 | Build | Palisade Gate |
| 23:40 | Create | Cavalry Archer |
| 23:42 | Research | Gold Shaft Mining |
| 23:44 | Create | Villager (Male) |
| 23:47 | Build | Farm |
| 23:51 | Create | Villager (Male) |
| 24:13 | Create | Cavalry Archer |
| 24:16 | Research | Bodkin Arrow |
| 24:17 | Research | Heavy Plow |
| 24:18 | Research | Heavy Plow |
| 24:19 | Create | Villager (Male) |
| 24:23 | Create | Cavalry Archer |
| 24:46 | Create | Villager (Male) |
| 24:48 | Build | Monastery |
| 24:50 | Create | Cavalry Archer |
| 25:06 | Create | Mangonel |
| 25:13 | Build | House |
| 25:29 | Create | Mangonel |
Build order — DGHIR | Black Monk
First 150 of 299 actions detected
| 0:01 | Create | Villager (Male) |
| 0:02 | Build | House |
| 0:03 | Build | House |
| 0:19 | Create | Villager (Male) |
| 0:19 | Create | Villager (Male) |
| 0:20 | Create | Villager (Male) |
| 1:10 | Create | Villager (Male) |
| 1:23 | Build | Lumber Camp |
| 1:52 | Create | Villager (Male) |
| 2:20 | Create | Villager (Male) |
| 3:00 | Build | House |
| 3:06 | Create | Villager (Male) |
| 3:47 | Create | Villager (Male) |
| 3:48 | Create | Villager (Male) |
| 3:56 | Create | Villager (Male) |
| 4:16 | Create | Villager (Male) |
| 4:16 | Create | Villager (Male) |
| 4:37 | Build | Palisade Gate |
| 4:39 | Create | Villager (Male) |
| 4:40 | Create | Villager (Male) |
| 4:51 | Build | House |
| 4:55 | Build | Palisade Wall |
| 5:10 | Build | Mining Camp |
| 5:14 | Create | Villager (Male) |
| 5:42 | Create | Villager (Male) |
| 5:42 | Create | Villager (Male) |
| 5:43 | Create | Villager (Male) |
| 5:44 | Create | Villager (Male) |
| 5:44 | Create | Villager (Male) |
| 6:22 | Create | Villager (Male) |
| 6:45 | Research | Loom |
| 7:22 | Research | Feudal Age |
| 7:30 | Build | House |
| 7:42 | Build | Palisade Wall |
| 7:44 | Build | Palisade Wall |
| 7:47 | Build | Palisade Wall |
| 8:09 | Build | Palisade Wall |
| 8:15 | Build | Palisade Wall |
| 8:17 | Build | Palisade Wall |
| 8:41 | Build | Mill |
| 8:43 | Create | Villager (Male) |
| 8:58 | Build | Palisade Wall |
| 8:59 | Build | Palisade Wall |
| 9:02 | Build | Palisade Wall |
| 9:14 | Build | Palisade Wall |
| 9:40 | Create | Villager (Male) |
| 9:42 | Age | Feudal Age |
| 9:45 | Build | House |
| 9:48 | Build | Palisade Gate |
| 9:51 | Build | House |
| 9:52 | Build | House |
| 10:01 | Create | Villager (Male) |
| 10:05 | Build | House |
| 10:06 | Create | Villager (Male) |
| 10:08 | Build | Farm |
| 10:55 | Build | Farm |
| 11:25 | Build | Farm |
| 11:38 | Create | Villager (Male) |
| 11:41 | Build | Farm |
| 11:50 | Build | Farm |
| 12:06 | Build | Farm |
| 12:07 | Create | Villager (Male) |
| 12:38 | Create | Villager (Male) |
| 12:41 | Build | Farm |
| 12:53 | Create | Villager (Male) |
| 12:57 | Create | Villager (Male) |
| 13:05 | Create | Villager (Male) |
| 13:11 | Build | Farm |
| 13:16 | Build | House |
| 13:17 | Build | Palisade Wall |
| 13:21 | Build | Palisade Gate |
| 13:25 | Create | Villager (Male) |
| 13:29 | Build | Farm |
| 13:35 | Build | Palisade Wall |
| 13:43 | Create | Villager (Male) |
| 13:45 | Create | Villager (Male) |
| 13:53 | Create | Villager (Male) |
| 14:16 | Build | Farm |
| 14:17 | Create | Villager (Male) |
| 14:21 | Create | Villager (Male) |
| 14:25 | Build | Farm |
| 14:33 | Create | Villager (Male) |
| 14:41 | Create | Villager (Male) |
| 14:47 | Build | Farm |
| 15:00 | Build | Farm |
| 15:28 | Create | Villager (Male) |
| 15:48 | Build | Market |
| 15:54 | Create | Villager (Male) |
| 16:07 | Build | Farm |
| 16:32 | Build | Palisade Wall |
| 16:54 | Build | Blacksmith |
| 16:55 | Create | Villager (Male) |
| 17:06 | Build | House |
| 17:19 | Research | Castle Age |
| 17:28 | Build | Watch Tower |
| 17:35 | Build | Mining Camp |
| 17:40 | Create | Villager (Male) |
| 17:43 | Build | Palisade Wall |
| 17:44 | Create | Villager (Male) |
| 18:32 | Create | Villager (Male) |
| 19:08 | Build | House |
| 19:09 | Build | House |
| 19:21 | Build | Palisade Wall |
| 19:24 | Build | House |
| 19:38 | Build | House |
| 19:44 | Build | Palisade Wall |
| 19:45 | Build | Palisade Wall |
| 19:51 | Build | Palisade Wall |
| 19:56 | Build | Palisade Wall |
| 20:00 | Age | Castle Age |
| 20:01 | Create | Villager (Male) |
| 20:39 | Build | Castle |
| 20:50 | Research | Fletching |
| 20:51 | Create | Villager (Male) |
| 20:52 | Research | Double-Bit Axe |
| 21:27 | Create | Villager (Male) |
| 21:38 | Create | Villager (Male) |
| 21:39 | Create | Hussite Wagon |
| 21:45 | Create | Villager (Male) |
| 21:51 | Create | Villager (Male) |
| 21:59 | Build | House |
| 22:05 | Create | Villager (Male) |
| 22:12 | Build | House |
| 22:23 | Create | Hussite Wagon |
| 22:34 | Build | Farm |
| 22:35 | Build | Farm |
| 22:36 | Create | Villager (Male) |
| 22:57 | Create | Hussite Wagon |
| 23:20 | Create | Hussite Wagon |
| 23:26 | Build | House |
| 23:36 | Build | Farm |
| 23:44 | Create | Hussite Wagon |
| 23:45 | Create | Villager (Male) |
| 23:52 | Build | Farm |
| 24:06 | Create | Villager (Male) |
| 24:09 | Create | Villager (Male) |
| 24:37 | Build | Siege Workshop |
| 24:42 | Create | Villager (Male) |
| 24:47 | Create | Villager (Male) |
| 24:50 | Build | Lumber Camp |
| 24:51 | Create | Villager (Male) |
| 25:09 | Create | Hussite Wagon |
| 25:39 | Create | Villager (Male) |
| 25:40 | Create | Villager (Male) |
| 26:04 | Create | Mangonel |
| 26:04 | Create | Mangonel |
| 26:09 | Create | Villager (Male) |
| 26:20 | Build | Town Center |
| 26:37 | Create | Villager (Male) |
| 26:41 | Create | Villager (Male) |
Match timeline
| 4:55 | DGHIR | Black Monk · wall_segment Palisade Wall x1 |
| 5:34 | uel · first_building Barracks |
| 7:42 | DGHIR | Black Monk · wall_segment Palisade Wall x4 |
| 7:44 | DGHIR | Black Monk · wall_segment Palisade Wall x3 |
| 7:47 | DGHIR | Black Monk · wall_segment Palisade Wall x1 |
| 8:09 | DGHIR | Black Monk · wall_segment Palisade Wall x6 |
| 8:15 | DGHIR | Black Monk · wall_segment Palisade Wall x1 |
| 8:17 | DGHIR | Black Monk · wall_segment Palisade Wall x2 |
| 8:58 | DGHIR | Black Monk · wall_segment Palisade Wall x1 |
| 8:59 | DGHIR | Black Monk · wall_segment Palisade Wall x1 |
| 9:02 | DGHIR | Black Monk · wall_segment Palisade Wall x8 |
| 9:14 | DGHIR | Black Monk · wall_segment Palisade Wall x1 |
| 9:42 | DGHIR | Black Monk · age_up feudal |
| 11:09 | uel · wall_segment Palisade Wall x10 |
| 11:19 | uel · age_up feudal |
| 11:24 | uel · first_building Stable |
| 11:47 | uel · wall_segment Palisade Wall x5 |
| 11:50 | uel · wall_segment Palisade Wall x10 |
| 12:07 | uel · wall_segment Palisade Wall x8 |
| 13:07 | uel · wall_segment Palisade Wall x6 |
| 13:17 | DGHIR | Black Monk · wall_segment Palisade Wall x9 |
| 13:32 | uel · first_building Archery Range |
| 13:35 | DGHIR | Black Monk · wall_segment Palisade Wall x5 |
| 13:57 | uel · wall_segment Palisade Wall x11 |
| 14:14 | uel · wall_segment Palisade Wall x5 |
| 16:32 | DGHIR | Black Monk · wall_segment Palisade Wall x8 |
| 17:43 | DGHIR | Black Monk · wall_segment Palisade Wall x6 |
| 19:21 | DGHIR | Black Monk · wall_segment Palisade Wall x1 |
| 19:44 | DGHIR | Black Monk · wall_segment Palisade Wall x1 |
| 19:45 | DGHIR | Black Monk · wall_segment Palisade Wall x1 |
| 19:51 | DGHIR | Black Monk · wall_segment Palisade Wall x1 |
| 19:55 | uel · wall_segment Palisade Wall x1 |
| 19:55 | uel · wall_segment Palisade Wall x1 |
| 19:56 | uel · wall_segment Palisade Wall x1 |
| 19:56 | DGHIR | Black Monk · wall_segment Palisade Wall x1 |
| 20:00 | DGHIR | Black Monk · age_up castle |
| 20:04 | uel · first_market_sell 100 food |
| 20:25 | DGHIR | Black Monk · first_market_sell 100 food |
| 20:26 | DGHIR | Black Monk · first_market_buy 100 stone |
| 20:39 | DGHIR | Black Monk · first_building Castle |
| 22:45 | uel · age_up castle |
| 22:55 | uel · first_building Siege Workshop |
| 24:37 | DGHIR | Black Monk · first_building Siege Workshop |
| 24:48 | uel · first_building Monastery |
| 25:00 | uel · first_market_buy 100 wood |
| 27:29 | DGHIR | Black Monk · first_building Monastery |
| 29:28 | DGHIR | Black Monk · wall_segment Palisade Wall x1 |
| 29:31 | DGHIR | Black Monk · wall_segment Palisade Wall x1 |
| 29:33 | DGHIR | Black Monk · wall_segment Palisade Wall x1 |
| 29:34 | DGHIR | Black Monk · wall_segment Palisade Wall x1 |
| 31:56 | DGHIR | Black Monk · wall_segment Palisade Wall x13 |
| 37:06 | DGHIR | Black Monk · age_up imperial |
| 38:59 | DGHIR | Black Monk · wall_segment Palisade Wall x1 |
| 39:43 | DGHIR | Black Monk · first_building Barracks |
| 39:55 | uel · first_building Castle |
| 41:16 | uel · resign |
[ AI ANALYSIS · 1 CREDIT ]
What really happened in this match?
Wolo.gg analyzes every decision: build order, eco, micro, common mistakes by bracket. Personalized analysis on WhatsApp or Discord in 30 seconds.
Civ guide
Shu
Perfil
Jugador #9754373